 Dungeon Crawl Stone Soup version 0.27.1-33-g824d729ab1 (webtiles) character file.

Game seed: 8962606933937936407

521067 Vivir the Shatterer (level 24, -14/266 HPs)
             Began as a Minotaur Fighter on Nov 25, 2021.
             Was the Champion of Okawaru.
             Killed by a royal mummy's death curse (34 damage)
             ... on level 1 of the Tomb of the Ancients.
             The game lasted 01:58:48 (54579 turns).

Vivir the Shatterer (Minotaur Fighter)             Turns: 54579, Time: 01:58:49

Health: -14/266    AC: 52    Str: 35    XL:     24   Next: 11%
Magic:  18/19      EV:  7    Int: 11    God:    Okawaru [******]
Gold:   3016       SH: 31    Dex: 11    Spells: 21/23 levels left

rFire    + + .     SeeInvis .   G - +9 eveningstar (holy)
rCold    + + +     Faith    .   B - +2 tower shield {rN+}
rNeg     + + +     Spirit   .   i - +8 orange crystal plate armour {Archmagi, Int+3 Clar}
rPois    +         Reflect  +   y - +2 hat {Stlth+}
rElec    +         Harm     .   J - scarf {rC+ rF+}
rCorr    .         Rampage  .   x - +2 pair of gloves {Str+3}
Will     +++..     Archmagi +   f - +2 pair of boots Stlth ..........Clarity +
                                W - amulet of Haph {Reflect rElec rC++ Int+3 SH+5}
HPRegen  0.54/turn              z - ring "Taubomp" {rPois rF+ rN++}
MPRegen  0.16/turn              C - ring of Spontaneous Combustion {Drain rN+ Will++ AC+4 Slay+2}

@: unable to read, slowed, studying 2 skills, very slow
A: horns 2, retaliatory headbutt, beak, hooves 1, berserk 1, low mp 1, robust 1,
inability to read while threatened, MP-powered wands
}: 3/15 runes: barnacled, silver, gossamer
a: Renounce Religion, Heroism, Finesse


You were on level 1 of the Tomb of the Ancients.
You worshipped Okawaru.
Okawaru was exalted by your worship.
You visited 12 branches of the dungeon, and saw 46 of its levels.
You visited 1 bazaar.

You collected 7955 gold pieces.
You spent 4939 gold pieces at shops.

Inventory:

Hand Weapons
 g - a +5 demon whip of draining
 G - a +9 eveningstar of holy wrath (weapon)
Armour
 d - the +0 cloak "Lakhuopp" {Will++ Dex+4 Stlth+}
   (You bought it in a shop in a bazaar)

   Dex:       It affects your dexterity (+4).
   Will:      It greatly increases your willpower.
   Stlth:     It makes you more stealthy.
 f - a +2 pair of boots (worn)
 i - the +8 orange crystal plate armour (worn) {Archmagi, Int+3 Clar}
   (Okawaru gifted it to you on level 1 of the Orcish Mines)

   Int:       It affects your intelligence (+3).
   Clar:      It protects you against confusion.
 x - a +2 pair of gloves of strength (worn)
 y - a +2 hat of stealth (worn)
 B - a +2 tower shield of positive energy (worn)
 J - a scarf of resistance (worn)
 N - a +1 crystal plate armour
 P - a +0 pair of boots of rampaging
Jewellery
 b - the ring "Hapt" {rElec rPois rF+ EV+4 Str+2}
   (You found it on level 2 of the Crypt)

   [ring of evasion]

   EV:        It affects your evasion (+4).
   Str:       It affects your strength (+2).
   rF:        It protects you from fire.
   rElec:     It insulates you from electricity.
   rPois:     It protects you from poison.
 c - the ring of Nykheh {Contam rC+ Str+6 Stlth+}
   (You found it on level 2 of the Vaults)

   [ring of strength]

   Str:       It affects your strength (+6).
   rC:        It protects you from cold.
   Contam:    It causes magical contamination when unequipped.
   Stlth:     It makes you more stealthy.
 h - the ring "Cicappot" {rN+ Dex+4}
   (You found it on level 3 of the Crypt)

   [ring of positive energy]

   Dex:       It affects your dexterity (+4).
   rN:        It protects you from negative energy.
 r - a ring of see invisible
 s - an amulet of faith
 w - the ring "Siych" {rN+ MP+9 Slay+5}
   (You found it on level 3 of the Crypt)

   [ring of positive energy]

   Slay:      It affects your accuracy & damage with ranged weapons and melee
   (+5).
   rN:        It protects you from negative energy.
   MP:        It affects your magic capacity (+9).
 z - the ring "Taubomp" (left hand) {rPois rF+ rN++}
   (You bought it in a shop on level 1 of the Shoals)

   [ring of protection from fire]

   rF:        It protects you from fire.
   rPois:     It protects you from poison.
   rN:        It greatly protects you from negative energy.
 A - a ring of willpower
 C - the ring of Spontaneous Combustion (right hand) {Drain rN+ Will++ AC+4 Slay+2}
   (You bought it in a shop on level 2 of the Orcish Mines)

   [ring of protection]

   AC:        It affects your AC (+4).
   Slay:      It affects your accuracy & damage with ranged weapons and melee
   (+2).
   rN:        It protects you from negative energy.
   Drain:     It drains your maximum health when unequipped.
   Will:      It greatly increases your willpower.
 D - the ring "Dessuyrch" {Fly rElec rPois Dex+3}
   (You bought it in a shop on level 1 of the Shoals)

   [ring of flight]

   Dex:       It affects your dexterity (+3).
   rElec:     It insulates you from electricity.
   rPois:     It protects you from poison.
   Fly:       It grants you flight.
 F - a +4 ring of slaying
 L - a ring of resist corrosion
 O - the ring "Quiwkaxt" {rPois Str-3 Int+3 Dex+3}
   (You found it on level 5 of the Vaults)

   [ring of poison resistance]

   Str:       It affects your strength (-3).
   Int:       It affects your intelligence (+3).
   Dex:       It affects your dexterity (+3).
   rPois:     It protects you from poison.
 S - the ring "Boqoi" {rC++ rN+ MP+9 SInv}
   (You found it on level 3 of the Crypt)

   [ring of positive energy]

   rC:        It greatly protects you from cold.
   rN:        It protects you from negative energy.
   MP:        It affects your magic capacity (+9).
   SInv:      It lets you see invisible.
 V - the ring "Ybretafu" {Fly rPois rF+ Str+2}
   (You took it off an ogre mage on level 5 of the Vaults)

   [ring of flight]

   Str:       It affects your strength (+2).
   rF:        It protects you from fire.
   rPois:     It protects you from poison.
   Fly:       It grants you flight.
 W - the amulet of Haph (around neck) {Reflect rElec rC++ Int+3 SH+5}
   (You found it on level 4 of the Shoals)

   [amulet of reflection]

   It reflects blocked missile attacks.
   Int:       It affects your intelligence (+3).
   rC:        It greatly protects you from cold.
   rElec:     It insulates you from electricity.
   SH:        It affects your SH (+5).
Wands
 l - a wand of acid (6)
 Q - a wand of paralysis (53)
 Y - a wand of digging (25)
Scrolls
 a - 7 scrolls of enchant armour
 e - 4 scrolls of magic mapping
 k - 6 scrolls of brand weapon
 m - 14 scrolls of teleportation
 n - 6 scrolls of fear
 u - 4 scrolls of enchant weapon
 v - 4 scrolls of summoning
 E - a scroll of holy word
 H - 18 scrolls of identify
 I - 11 scrolls of amnesia
 K - 4 scrolls of silence
 M - 7 scrolls of blinking
 X - 3 scrolls of fog
Potions
 j - 3 potions of cancellation
 o - 2 potions of brilliance
 p - 12 potions of curing
 q - 6 potions of berserk rage
 t - 4 potions of attraction
 T - 2 potions of mutation
 U - 9 potions of ambrosia
 Z - 3 potions of magic


   Skills:
 + Level 25.1 Fighting
 + Level 26.4 Maces & Flails
 + Level 25.1 Armour
 + Level 18.9 Shields
 - Level 10.0 Translocations


You had 21 spell levels left.
You knew the following spells:

 Your Spells              Type           Power      Damage    Failure   Level
a - Blink                 Tloc           N/A        N/A       10%         2

Your spell library contained the following spells:

 Spells                   Type           Power      Damage    Failure   Level
 Apportation              Tloc           66%        N/A       6%          1
 Gell's Gravitas          Tloc           16%        N/A       19%         3
 Lesser Beckoning         Tloc           16%        N/A       19%         3
 Passage of Golubria      Tloc           N/A        N/A       52%         4
 Manifold Assault         Tloc           33%        N/A       86%         5
 Animate Skeleton         Necr           0%         N/A       98%         1
 Corona                   Hex            0%         N/A       98%         1
 Magic Dart               Conj           0%         1d3       98%         1
 Pain                     Necr           0%         1d4       98%         1
 Sandblast                Erth           0%         2d4       98%         1
 Shock                    Conj/Air       0%         1d3       98%         1
 Summon Small Mammal      Summ           0%         N/A       98%         1
 Call Imp                 Summ           0%         N/A       99%         2
 Corpse Rot               Necr/Air       N/A        N/A       99%         2
 Ensorcelled Hibernation  Hex/Ice        0%         N/A       99%         2
 Passwall                 Tmut/Erth      0%         N/A       99%         2
 Searing Ray              Conj           0%         3d3       99%         2
 Call Canine Familiar     Summ           0%         N/A       100%        3
 Conjure Flame            Conj/Fire      0%         6-21      100%        3
 Dazzling Flash           Conj/Hex       0%         N/A       100%        3
 Ignite Poison            Fire/Tmut/Pois 0%         N/A       100%        3
 Inner Flame              Hex/Fire       0%         N/A       100%        3
 Mephitic Cloud           Conj/Pois/Air  0%         N/A       100%        3
 Ozocubu's Armour         Ice            0%         N/A       100%        3
 Stone Arrow              Conj/Erth      0%         3d7       100%        3
 Summon Guardian Golem    Hex/Summ       0%         N/A       100%        3
 Swiftness                Air            0%         N/A       100%        3
 Tukima's Dance           Hex            0%         N/A       100%        3
 Airstrike                Air            0%         N/A       100%        4
 Cause Fear               Hex            0%         N/A       100%        4
 Dispel Undead            Necr           0%         3d6       100%        4
 Fulminant Prism          Conj/Hex       0%         3d6       100%        4
 Olgreb's Toxic Radiance  Pois           0%         N/A       100%        4
 Petrify                  Tmut/Erth      0%         N/A       100%        4
 Sticky Flame             Conj/Fire      0%         2d3       100%        4
 Summon Ice Beast         Ice/Summ       0%         N/A       100%        4
 Agony                    Necr           0%         N/A       100%        5
 Alistair's Intoxication  Tmut/Pois      0%         N/A       100%        5
 Bolt of Magma            Conj/Fire/Erth 0%         4d4       100%        5
 Borgnjor's Vile Clutch   Necr/Erth      0%         N/A       100%        5
 Excruciating Wounds      Necr           0%         N/A       100%        5
 Fireball                 Conj/Fire      0%         3d3       100%        5
 Freezing Cloud           Conj/Ice/Air   0%         6-21      100%        5
 Irradiate                Conj/Tmut      0%         3d14      100%        5
 Iskenderun's Battlesphe  Conj           0%         2d6       100%        5
 Lee's Rapid Deconstruct  Erth           0%         3d5*      100%        5
 Metabolic Englaciation   Hex/Ice        0%         N/A       100%        5
 Silence                  Hex/Air        0%         N/A       100%        5
 Summon Forest            Summ/Tloc      8%         N/A       100%        5
 Summon Mana Viper        Hex/Summ       0%         N/A       100%        5
 Yara's Violent Unravell  Hex/Tmut       0%         3d3       100%        5
 Death Channel            Necr           0%         N/A       100%        6
 Eringya's Noxious Bog    Tmut/Pois      0%         N/A       100%        6
 Invisibility             Hex            0%         N/A       100%        6
 Iron Shot                Conj/Erth      0%         9d1       100%        6
 Simulacrum               Ice/Necr       0%         N/A       100%        6
 Starburst                Conj/Fire      0%         6d3       100%        6
 Statue Form              Tmut/Erth      0%         N/A       100%        6
 Dragon Form              Tmut           0%         N/A       100%        7
 Monstrous Menagerie      Summ           0%         N/A       100%        7
 Ozocubu's Refrigeration  Ice            0%         4d5       100%        7
 Spellforged Servitor     Conj/Summ      0%         N/A       100%        7
 Summon Hydra             Summ           0%         N/A       100%        7
 Discord                  Hex            0%         N/A       100%        8
 Ignition                 Fire           0%         3d3       100%        8
 Infestation              Necr           0%         N/A       100%        8
 Lehudib's Crystal Spear  Conj/Erth      0%         10d2      100%        8
 Chain Lightning          Conj/Air       0%         N/A       100%        9
 Death's Door             Necr           0%         N/A       100%        9
 Dragon's Call            Summ           0%         N/A       100%        9
 Fire Storm               Conj/Fire      0%         5d1       100%        9
 Shatter                  Erth           0%         3d5*      100%        9


Dungeon Overview and Level Annotations

Branches:
Dungeon (15/15)            Temple (1/1) D:6            Lair (6/6) D:9
 Shoals (4/4) Lair:3       Spider (4/4) Lair:2        Slime (1/5) Lair:6
    Orc (2/2) D:12            Elf (3/3) Orc:2        Vaults (5/5) D:14
  Crypt (3/3) Vaults:3       Tomb (1/3) Crypt:3      Depths (1/5) D:15

Altars:
Ashenzari
Cheibriados
Dithmenos
Elyvilon
Fedhas
Gozag
Hepliaklqana
Kikubaaqudgha
Makhleb
Nemelex Xobeh
Okawaru
Qazlal
Ru
Sif Muna
Trog
Uskayaw
Vehumet
Wu Jian
Xom
Yredelemnul
Zin
The Shining One
Beogh

Shops:
D:12 [(   Orc:2 =[((   Elf:1 :   Elf:3 :   Shoals:1 *   Vaults:2 ?[**[
Vaults:4 ((*?   Vaults:5 *

Portals:
Abyss: Spider:2


Innate Abilities, Weirdness & Mutations

You have a pair of horns on your head.
You reflexively headbutt those who attack you in melee.
You have a beak for a mouth.
You have large cloven feet.
You tend to lose your temper in combat.
Your magical capacity is low. (-10% MP)
You are robust. (+10% HP)
You sometimes lose the ability to read scrolls when taking damage.
You expend magic power (3 MP) to strengthen your wands.


Message History

The emperor scorpion stings you.
* * * LOW HITPOINT WARNING * * *
The emperor scorpion claws you but does no damage. x2
Unknown command.
Unknown command.
Unknown command.
Unknown command.
Okay, then.
Unknown command.
You puncture the royal mummy!
The royal mummy convulses.
You peck the royal mummy, but do no damage.
The royal mummy is severely damaged.
You block the death scarab's attack. x2; The emperor scorpion stings you!
* * * LOW HITPOINT WARNING * * *
The emperor scorpion closely misses you.
You block the emperor scorpion's attack.
The royal mummy gestures wildly while chanting.
The emperor scorpion stings you but does no damage.
The emperor scorpion claws you but does no damage. x2
You block the emperor scorpion's attack.
The emperor scorpion claws you but does no damage.
You block the emperor scorpion's attack.
The death scarab bites you but does no damage.
Unknown command.
Unknown command.
Unknown command.
You hammer the royal mummy like a gong!!!
The royal mummy convulses!
You destroy the royal mummy!
Okawaru accepts your kill.
The death scarab disappears in a puff of smoke! x2
The emperor scorpion disappears in a puff of smoke!
The death scarab disappears in a puff of smoke!
The emperor scorpion disappears in a puff of smoke!
The death scarab disappears in a puff of smoke!
The emperor scorpion disappears in a puff of smoke! x4
The death scarab disappears in a puff of smoke! x4
You feel extremely nervous for a moment...
Pain shoots through your body!!
You die...

.............................
.............................
..........†...................
.....⌠.⌠.......................
............$..................
...............................
..........†.§§§§...............
....8...8..§§§§§§..............
...........§§.@§§..............
#.......##################...
#.8...8.# #... #....sMB# #...
#.......# #(.. #.8..s8s# #...
#.......# #... #.......# #(..
#.8...8.# #...


There were no monsters in sight!

Vanquished Creatures
  An ancient lich (Crypt:3)
  A royal mummy (Tomb:1)
  Boris (Crypt:2)
  Bai Suzhen (Vaults:5)
  Frederick (Vaults:4)
  A profane servitor (Crypt:3)
  Arachne (Spider:3)
  A bone dragon (Crypt:3)
  Asterion (Spider:1)
  3 tentacled monstrosities
  2 liches
  2 deep elf blademasters
  A quicksilver dragon (Vaults:5)
  A deep elf master archer (Elf:3)
  6 titans
  An ancient champion (Crypt:3)
  5 sphinxes
  2 krakens (Shoals:3)
  3 shadow dragons (Vaults:5)
  Kirke (Spider:2)
  3 storm dragons (Vaults:5)
  Agnes (D:14)
  4 tengu reavers
  The ghost of sydd the Basher, an adept DgFi (Spider:2)
  Gastronok (Lair:3)
  Donald (Spider:3)
  3 revenants
  The ghost of Qiriluif the Cutthroat, an adept KoBe of Trog (Spider:3)
  4 fire giants
  A frost giant (Vaults:5)
  3 orc warlords
  5 deep elf sorcerers (Elf:3)
  2 ghost moths (Spider:4)
  The ghost of Jafont the Arsonist, a journeyman HOFE of Okawaru (Shoals:2)
  18 vault wardens
  6 deep elf elementalists (Elf:3)
  An iron dragon (Vaults:5)
  6 emperor scorpions (Spider:4)
  24 ironbound preservers
  4 ghouls
  10 very ugly things
  A quicksilver ooze (shapeshifter) (Vaults:4)
  6 war gargoyles
  Azrael (Spider:1)
  8 stone giants
  6 deep elf annihilators
  10 deep elf demonologists
  4 vampire knights
  6 dire elephants
  5 entropy weavers
  3 eidola (Crypt:2)
  3 crystal guardians
  Snorg (D:14)
  6 ettins
  4 merfolk javelineers
  A fire dragon (shapeshifter) (Vaults:5)
  4 deep elf death magi
  A fire dragon (Lair:6)
  4 deep elf high priests (Elf:3)
  7 merfolk impalers
  13 jiangshi
  2 mummy priests (Tomb:1)
  4 great orbs of eyes
  Fannar (D:12)
  8 yaktaur captains
  8 ironbound thunderhulks
  8 hydras
  38 vault guards
  A quicksilver dragon skeleton (Tomb:1)
  4 peacekeepers
  5 boulder beetles
  5 death knights
  A catoblepas (Lair:6)
  3 ogre magi
  2 merfolk avatars
  3 satyrs
  An alligator snapping turtle (shapeshifter) (Elf:2)
  An anaconda (shapeshifter) (Vaults:5)
  10 two-headed ogres
  30 dancing weapons
  5 death yaks (Lair:2)
  4 centaur warriors
  10 ironbound frosthearts
  A hell hog (Spider:2)
  A merfolk aquamancer (Shoals:3)
  An orc high priest (Elf:1)
  A thrashing horror (Spider:2)
  A vampire mage (Crypt:2)
  2 hell knights (Crypt:3)
  A tengu warrior (D:9)
  6 ironbound beastmasters
  A soul eater (Crypt:2)
  12 deep elf knights
  6 shadow wraiths
  20 skeletal warriors
  A storm dragon skeleton (Tomb:1)
  A goliath frog (shapeshifter) (Vaults:5)
  A swamp dragon (shapeshifter) (D:13)
  13 sea snakes
  60 deep trolls
  7 flayed ghosts
  3 glowing orange brains
  A kraken simulacrum (Shoals:4)
  7 lindwurms
  13 wizards
  A bog body (Crypt:2)
  4 orc knights
  An iron giant skeleton (Crypt:2)
  13 deep elf archers
  22 harpies
  13 phantasmal warriors
  26 wolf spiders
  14 orb spiders
  17 ironbound convokers
  The ghost of Almogavar the Geomancer, a novice GrEE of Sif Muna (D:6)
  57 ugly things
  26 deep elf zephyrmancers
  30 manticores
  An eleionoma zombie (Crypt:2)
  28 deep elf pyromancers
  10 orc sorcerers
  3 necromancers
  12 cyclopes
  7 fauns
  A salamander (shapeshifter) (D:13)
  A mana viper (shapeshifter) (Vaults:5)
  29 elephants
  27 vault sentinels
  A moth of wrath (Spider:4)
  3 water nymphs
  7 merfolk sirens
  8 cane toads
  3 gargoyles
  9 black mambas
  A torpor snail (shapeshifter) (Vaults:5)
  2 unseen horrors
  8 torpor snails
  An efreet (D:15)
  5 rime drakes
  33 yaktaurs
  17 demonic crawlers
  A swamp worm zombie (Crypt:2)
  3 guardian mummies (Tomb:1)
  9 komodo dragons
  3 freezing wraiths
  5 trolls
  18 merfolk
  A meliai (shapeshifter) (D:14)
  25 jumping spiders
  3 meliai (D:13)
  A queen bee (D:12)
  17 blink frogs
  8 wind drakes
  20 slime creatures
  A meliai zombie (D:11)
  3 polar bears
  15 snapping turtles
  5 tyrant leeches
  An ettin zombie (Crypt:2)
  15 hornets
  16 dream sheep
  An alligator zombie (Crypt:2)
  A stone giant simulacrum (Vaults:1)
  A tarantella (shapeshifter) (D:15)
  A spriggan (Lair:2)
  62 redbacks
  2 air elementals
  3 shadows
  28 tarantellas
  A vampire (D:8)
  40 yaks
  53 flying skulls
  4 basilisks
  11 water elementals
  5 wraiths
  An ushabti (Tomb:1)
  3 wyverns
  A fire elemental (Spider:1)
  A hog (Spider:2)
  2 steam dragons
  6 vampire mosquitoes
  Menkaure (D:4)
  12 wargs
  4 swamp worms (Lair:1)
  2 acid dragons
  Edmund (D:4)
  A hydra simulacrum (Crypt:3)
  10 water moccasins
  2 large abominations
  4 hell hounds (Spider:1)
  25 orc warriors
  An elephant zombie (Crypt:2)
  4 black bears
  A sky beast (D:6)
  6 necrophages
  11 ogres
  15 wolves
  21 centaurs
  A manticore skeleton (Crypt:2)
  11 bullfrogs
  Blork the orc (D:6)
  5 earth elementals
  3 gnoll sergeants
  8 scorpions
  3 small abominations (Crypt:3)
  A water moccasin skeleton (D:6)
  25 killer bees
  A snapping turtle simulacrum (Crypt:3)
  2 electric eels
  8 wights
  2 howler monkeys
  3 centaur zombies
  3 hounds
  6 jellies
  14 orc priests
  A bullfrog skeleton (D:5)
  A centaur skeleton (D:6)
  Jessica (D:3)
  2 iguanas (D:6)
  Terence (D:3)
  Ijyb (D:3)
  51 orc wizards
  11 hell rats
  A killer bee zombie (D:5)
  A tengu skeleton (Crypt:2)
  An acid dragon skeleton (Crypt:2)
  A spectral howler monkey (D:6)
  A mummy (Tomb:1)
  2 howler monkey skeletons
  A howler monkey zombie (D:10)
  18 gnolls
  10 adders
  3 shadow imps
  3 white imps
  A howler monkey simulacrum (D:7)
  An adder skeleton (D:4)
  3 worms
  3 dart slugs
  78 orcs
  10 bats
  9 endoplasms
  5 giant cockroaches
  3 goblins
  10 hobgoblins
  9 kobolds
  3 quokkas (D:2)
  7 ball pythons
  2 frilled lizards
  8 rats
  6 tentacles
1870 creatures vanquished.

Vanquished Creatures (others)
  An emperor scorpion (Spider:4)
  A merfolk aquamancer (Shoals:1)
  5 deep elf knights
  A deep elf pyromancer (Elf:1)
  A wizard (Vaults:2)
  2 manticores
  2 blink frogs (Lair:6)
  A human (Spider:2)
  2 orc wizards
  5 orcs
  22 fungi
  A lurking horror (Spider:2)
  71 plants
  33 tentacles
148 creatures vanquished.

Grand Total: 2018 creatures vanquished

Notes
Turn   | Place    | Note
-------+----------+-------------------------------------------
     0 | D:1      | Vivir the Minotaur Fighter began the quest for the Orb.
     0 | D:1      | Reached XP level 1. HP: 19/19 MP: 0/0
    49 | D:1      | Reached skill level 5 in Fighting
    49 | D:1      | Reached skill level 5 in Maces & Flails
    49 | D:1      | Reached XP level 2. HP: 30/30 MP: 1/1
    52 | D:1      | Reached skill level 7 in Maces & Flails
    52 | D:1      | Reached XP level 3. HP: 40/40 MP: 2/2
   465 | D:1      | Found a faded altar of an unknown god.
   553 | D:2      | Reached XP level 4. HP: 48/48 MP: 3/3
  1457 | D:3      | Found a snail-covered altar of Cheibriados.
  1490 | D:3      | Noticed Ijyb
  1494 | D:3      | Killed Ijyb
  1495 | D:3      | Reached XP level 5. HP: 53/53 MP: 4/4
  1521 | D:3      | Found a glowing silver altar of Zin.
  1523 | D:3      | Noticed Jessica
  1527 | D:3      | Killed Jessica
  1567 | D:3      | Noticed Terence
  1572 | D:3      | Killed Terence
  1713 | D:3      | Found an iron altar of Okawaru.
  1713 | D:3      | Found a blossoming altar of Fedhas.
  1717 | D:3      | Found a sparkling altar of Nemelex Xobeh.
  1735 | D:3      | Became a worshipper of Warmaster Okawaru
  1784 | D:4      | Found a hide-covered altar of Uskayaw.
  1814 | D:4      | Noticed Menkaure
  1815 | D:4      | Noticed a centaur
  1816 | D:4      | Noticed a centaur
  1819 | D:4      | Killed Menkaure
  1820 | D:4      | Reached XP level 6. HP: 49/61 MP: 5/5
  1826 | D:4      | Reached * piety under Okawaru
  1921 | D:4      | Noticed Edmund
  1929 | D:4      | Killed Edmund
  1930 | D:4      | Reached skill level 8 in Maces & Flails
  1930 | D:4      | Reached XP level 7. HP: 59/69 MP: 6/6
  2056 | D:4      | Reached ** piety under Okawaru
  2105 | D:4      | Noticed a moth of wrath
  2108 | D:4      | Found a bloodstained altar of Trog.
  2173 | D:5      | Entered Level 5 of the Dungeon
  2380 | D:5      | Reached XP level 8. HP: 77/77 MP: 7/7
  2745 | D:6      | Found a staircase to the Ecumenical Temple.
  2760 | Temple   | Entered the Ecumenical Temple
  3005 | D:6      | Noticed Blork the orc
  3014 | D:6      | Reached skill level 9 in Maces & Flails
  3019 | D:6      | Killed Blork the orc
  3019 | D:6      | Reached *** piety under Okawaru
  3340 | D:6      | Reached XP level 9. HP: 62/84 MP: 8/8
  3567 | D:7      | Found a runed translucent gate.
  3568 | D:7      | Found a runed translucent gate.
  3569 | D:7      | Found a runed translucent gate.
  3570 | D:7      | Noticed Almogavar's ghost (novice GrEE)
  3908 | D:7      | Found a stormy altar of Qazlal.
  4020 | D:6      | Killed Almogavar's ghost
  4020 | D:6      | Reached **** piety under Okawaru
  4046 | D:7      | Gained mutation: You have large cloven feet. [potion of
                  | mutation]
  4046 | D:7      | Gained mutation: You have a beak for a mouth. [potion of
                  | mutation]
  4046 | D:7      | Gained mutation: You are robust. (+10% HP) [potion of
                  | mutation]
  4046 | D:7      | Gained mutation: You expend magic power (3 MP) to
                  | strengthen your wands. [potion of mutation]
  4237 | D:8      | Reached skill level 10 in Fighting
  4237 | D:8      | Reached skill level 10 in Armour
  4931 | D:8      | Reached ***** piety under Okawaru
  4932 | D:8      | Reached skill level 10 in Maces & Flails
  4932 | D:8      | Reached XP level 10. HP: 100/102 MP: 9/9
  5334 | D:9      | Found a staircase to the Lair.
  5408 | D:9      | Noticed a cyclops
  5422 | D:9      | Killed a cyclops
  5450 | D:9      | Received a gift from Okawaru
  5970 | D:9      | Noticed a two-headed ogre
  5980 | D:9      | Killed a two-headed ogre
  6103 | D:7      | Identified the +9 whip of Bete {drain, Will- Int+7}
  6307 | D:9      | Reached skill level 10 in Shields
  6361 | D:9      | Noticed a two-headed ogre
  6367 | D:9      | Killed a two-headed ogre
  6368 | D:9      | Reached skill level 11 in Maces & Flails
  6368 | D:9      | Reached XP level 11. HP: 80/112 MP: 10/10
  6460 | D:9      | Noticed a two-headed ogre
  6460 | D:9      | Noticed a cyan ugly thing
  6460 | D:9      | Noticed a skeletal warrior
  6460 | D:9      | Noticed a centaur warrior
  6460 | D:9      | Noticed a tengu warrior
  6478 | D:10     | Entered Level 10 of the Dungeon
  6649 | D:9      | Killed a two-headed ogre
  7078 | D:10     | Received a gift from Okawaru
  7120 | D:10     | Noticed a two-headed ogre
  7125 | D:10     | Killed a two-headed ogre
  7718 | D:11     | Noticed a two-headed ogre
  7724 | D:11     | Killed a two-headed ogre
  7956 | D:11     | Found a white marble altar of Elyvilon.
  8445 | D:9      | Killed a tengu warrior
  8450 | D:9      | Killed a centaur warrior
  8476 | D:9      | Killed a skeletal warrior
  8477 | D:9      | Reached skill level 12 in Maces & Flails
  8644 | D:12     | Noticed Fannar
  8670 | D:12     | Killed Fannar
  8954 | D:12     | Reached XP level 12. HP: 33/124 MP: 11/11
  9142 | D:12     | Found Gobraleb's Weapon Shoppe.
  9142 | D:12     | Found a staircase to the Orcish Mines.
  9144 | D:12     | Found Qoepsi Ysiu's Armour Shoppe.
  9395 | D:11     | Reached ****** piety under Okawaru
  9601 | D:12     | Received a gift from Okawaru
 10493 | D:13     | Noticed a centaur warrior
 10499 | D:13     | Killed a centaur warrior
 10549 | D:13     | Reached skill level 13 in Maces & Flails
 11054 | D:12     | Received a gift from Okawaru
 11513 | Lair:1   | Entered Level 1 of the Lair of Beasts
 11784 | Lair:1   | Reached XP level 13. HP: 118/135 MP: 12/12
 12556 | Lair:2   | Found a hole to the Spider Nest.
 12570 | Lair:2   | Received a gift from Okawaru
 12911 | Lair:2   | Reached skill level 14 in Maces & Flails
 13561 | Spider:1 | Entered Level 1 of the Spider Nest
 13669 | Lair:2   | Received a gift from Okawaru
 13857 | Lair:3   | Found a staircase to the Shoals.
 13954 | Lair:3   | Noticed Gastronok
 13962 | Lair:3   | Killed Gastronok
 14280 | Lair:3   | Reached XP level 14. HP: 122/146 MP: 13/13
 14701 | Lair:4   | Reached skill level 15 in Armour
 14787 | Lair:4   | Reached skill level 15 in Fighting
 15263 | Lair:4   | Received a gift from Okawaru
 15267 | Lair:4   | Reached skill level 15 in Maces & Flails
 15548 | Lair:5   | Received a gift from Okawaru
 16469 | Lair:6   | Entered Level 6 of the Lair of Beasts
 16627 | Lair:6   | Reached skill level 15 in Shields
 17000 | Lair:6   | Found a staircase to the Slime Pits.
 17013 | Lair:6   | Received a gift from Okawaru
 17335 | Lair:6   | Reached XP level 15. HP: 87/158 MP: 14/14
 17510 | Lair:6   | Got Sif Muna's Papyrus of Glacial Weightlessness
 17684 | Lair:6   | Found a runed translucent door.
 17722 | Lair:6   | Reached skill level 16 in Maces & Flails
 17849 | Lair:6   | Identified 2 scrolls of acquirement
 17849 | Lair:6   | Acquired a staff of air
 17851 | Lair:6   | Acquired a manual of Maces & Flails
 18230 | Slime:1  | Entered Level 1 of the Pits of Slime
 18498 | Orc:1    | Entered Level 1 of the Orcish Mines
 18509 | Orc:1    | Paralysed by an orc sorcerer for 5 turns
 18825 | Orc:2    | Entered Level 2 of the Orcish Mines
 18939 | Orc:1    | Noticed an orc warlord
 19027 | Orc:1    | Killed an orc warlord
 19183 | Orc:2    | Found a staircase to the Elven Halls.
 19297 | Orc:1    | Received a gift from Okawaru
 19297 | Orc:1    | Found the +8 orange crystal plate armour {Archmagi, Int+3
                  | Clar}
 19383 | Orc:1    | Found a radiant altar of Vehumet.
 19716 | Orc:2    | Found Taxzosy's Antique Armour Emporium.
 19716 | Orc:2    | Found Nigehow's Jewellery Boutique.
 19808 | Orc:2    | Bought the ring of Spontaneous Combustion {Drain rN+ Will++
                  | AC+4 Slay+2} for 759 gold pieces
 20007 | Orc:2    | Noticed an orc warlord
 20038 | Orc:1    | Killed an orc warlord
 20071 | Orc:1    | Reached skill level 17 in Maces & Flails
 20213 | Orc:2    | Found Naxtop's Antique Weapon Emporium.
 20233 | Orc:2    | Found Vuff's Weapon Boutique.
 20729 | D:14     | Noticed Agnes
 20740 | D:14     | Killed Agnes
 20847 | D:14     | Found a gate to the Vaults.
 20878 | D:14     | Noticed Snorg
 20884 | D:14     | Killed Snorg
 21017 | D:14     | Found a basalt altar of Yredelemnul.
 21063 | D:15     | Entered Level 15 of the Dungeon
 21071 | D:14     | Received a gift from Okawaru
 21093 | D:14     | Reached skill level 18 in Maces & Flails
 21620 | D:15     | Found a staircase to the Depths.
 21952 | Depths:1 | Entered Level 1 of the Depths
 22201 | Spider:1 | Reached XP level 16. HP: 170/170 MP: 15/15
 22435 | Spider:1 | Noticed Azrael
 22472 | Spider:1 | Killed Azrael
 22544 | Spider:1 | Noticed Asterion
 22552 | Spider:1 | Gained mutation: Your magical capacity is low. (-10% MP) [a
                  | cacodemon]
 22558 | Spider:1 | Gained mutation: You tend to lose your temper in combat. [a
                  | cacodemon]
 22559 | Spider:1 | Killed Asterion
 22560 | Spider:1 | Reached skill level 19 in Maces & Flails
 23287 | Spider:1 | Received a gift from Okawaru
 23564 | Spider:2 | Noticed Kirke
 23575 | Spider:2 | Killed Kirke
 23593 | Spider:2 | You fall into a shaft and drop 1 floor!
 23605 | Spider:3 | Noticed Donald
 23634 | Spider:2 | Found a transporter.
 23676 | Spider:2 | Found a transporter.
 23688 | Spider:2 | Noticed a tentacled monstrosity
 23707 | Spider:2 | Noticed sydd's ghost (adept DgFi)
 23824 | Spider:2 | Found a one-way gate to the infinite horrors of the Abyss.
 23845 | Spider:2 | Killed sydd's ghost
 23898 | Spider:2 | Reached skill level 20 in Maces & Flails
 23908 | Spider:2 | Killed a tentacled monstrosity
 24095 | Spider:2 | Got the Almanac of Creative Necromancy
 24342 | Spider:3 | Killed Donald
 24845 | Spider:3 | Noticed Arachne
 24874 | Spider:3 | Killed Arachne
 24907 | Spider:3 | Found a transporter.
 24909 | Spider:3 | Noticed Qiriluif's ghost (adept KoBe)
 24917 | Spider:3 | Found a transporter.
 25277 | Spider:3 | Killed Qiriluif's ghost
 25292 | Spider:3 | Identified the +1 chain mail "Bodifuise" {rN+ Dex+4}
                  | (Okawaru gifted it to you on level 3 of the Spider Nest)
 25292 | Spider:3 | Received a gift from Okawaru
 25367 | Spider:3 | Identified the ring "Tal Ijeg" {rPois rN+}
 25444 | Spider:4 | Entered Level 4 of the Spider Nest
 25496 | Spider:4 | Reached XP level 17. HP: 179/182 MP: 14/14
 25800 | Spider:4 | Reached skill level 21 in Maces & Flails
 26798 | Spider:4 | Got a gossamer rune of Zot
 27219 | Shoals:1 | Entered Level 1 of the Shoals
 27270 | Shoals:1 | Identified the +6 morningstar of Darkness {spect, Contam
                  | rC+ Str+3} (Okawaru gifted it to you on level 1 of the
                  | Shoals)
 27270 | Shoals:1 | Received a gift from Okawaru
 27675 | Shoals:1 | Found Wuhyosit's Assorted Antiques.
 27689 | Shoals:1 | Bought a clouded brass ring for 85 gold pieces
 27689 | Shoals:1 | Identified the ring "Taubomp" {rPois rF+ rN++} (You bought
                  | it in a shop on level 1 of the Shoals)
 27689 | Shoals:1 | Bought a twitching tin ring for 85 gold pieces
 27689 | Shoals:1 | Identified the ring "Dessuyrch" {Fly rElec rPois Dex+3}
                  | (You bought it in a shop on level 1 of the Shoals)
 28613 | Shoals:2 | Noticed Jafont's ghost (journeyman HOFE)
 28616 | Shoals:2 | Found a transporter.
 28885 | Shoals:2 | Found a transporter.
 28932 | Shoals:2 | Gained mutation: You sometimes lose the ability to read
                  | scrolls when taking damage. [mutagenic glow]
 28937 | Shoals:2 | Received a gift from Okawaru
 28969 | Shoals:2 | Killed Jafont's ghost
 29322 | Shoals:3 | Reached XP level 18. HP: 190/195 MP: 15/15
 29351 | Shoals:3 | Reached skill level 22 in Maces & Flails
 30297 | Shoals:4 | Entered Level 4 of the Shoals
 30390 | Shoals:3 | Received a gift from Okawaru
 30537 | Shoals:4 | Got a barnacled rune of Zot
 30810 | Shoals:4 | Identified the +2 scale mail "Bit Weav" {Will+ Str+2 Dex+2}
                  | (Okawaru gifted it to you on level 4 of the Shoals)
 30810 | Shoals:4 | Received a gift from Okawaru
 30993 | Shoals:4 | Identified the amulet of Haph {Reflect rElec rC++ Int+3
                  | SH+5}
 32142 | Elf:1    | Entered Level 1 of the Elven Halls
 32495 | Elf:1    | Found Liopuscheufu's Book Shoppe.
 32686 | Elf:1    | Got Sif Muna's Grimoire of Companions
 32822 | Elf:1    | Paralysed by an air elemental for 1 turns
 33441 | Elf:2    | Found a runed translucent gate.
 33441 | Elf:2    | Found a runed translucent gate.
 33441 | Elf:2    | Found a runed translucent gate.
 33453 | Elf:2    | Identified the +11 morningstar "Qibbusie" {spect, Int+10}
                  | (Okawaru gifted it to you on level 2 of the Elven Halls)
 33453 | Elf:2    | Received a gift from Okawaru
 34112 | Elf:2    | Found a flickering gateway to a bazaar.
 34121 | Bazaar   | Entered a bazaar
 34146 | Bazaar   | Found Esehulli's Jewellery Emporium.
 34162 | Bazaar   | Found Ysiergh's General Store.
 34162 | Bazaar   | Found Acheihau's Magic Scroll Shoppe.
 34173 | Bazaar   | Bought a scroll of teleportation for 27 gold pieces
 34173 | Bazaar   | Bought a scroll of teleportation for 27 gold pieces
 34173 | Bazaar   | Bought a scroll of enchant weapon for 67 gold pieces
 34173 | Bazaar   | Bought a scroll of enchant weapon for 67 gold pieces
 34197 | Bazaar   | Found Kauzoum's Antique Armour Emporium.
 34249 | Bazaar   | Bought the +0 cloak "Lakhuopp" {Will++ Dex+4 Stlth+} for
                  | 342 gold pieces
 34301 | Elf:2    | Reached XP level 19. HP: 194/207 MP: 16/16
 34355 | Elf:2    | Reached skill level 23 in Maces & Flails
 35115 | Elf:2    | Received a gift from Okawaru
 36112 | Elf:3    | Entered Level 3 of the Elven Halls
 36205 | Elf:3    | Found Xoediv's Book Emporium.
 36213 | Elf:3    | Bought a book of Spatial Translocations for 416 gold pieces
 36216 | Elf:3    | Learned a level 2 spell: Blink
 36719 | Elf:3    | Found a radiant altar of Vehumet.
 36738 | Elf:3    | Reached skill level 1 in Translocations
 37908 | Elf:3    | Received a gift from Okawaru
 38901 | Elf:3    | Got An Early Guide to Witchery
 38920 | Elf:3    | Identified the +4 scale mail of Xoteacw {Will- Str+5
                  | Stlth+}
 39179 | Elf:3    | Identified the ring "Ryoriewn" {Fly Int+4 Dex+3}
 39507 | Vaults:1 | Entered Level 1 of the Vaults
 39568 | Vaults:1 | Received a gift from Okawaru
 39569 | Vaults:1 | Reached XP level 20. HP: 220/220 MP: 17/17
 39589 | Vaults:1 | You are sucked into a shaft and drop 1 floor!
 40001 | Vaults:2 | Found Inugocs's Magic Scroll Shop.
 40222 | Vaults:1 | Reached skill level 24 in Maces & Flails
 40817 | Vaults:1 | Reached skill level 5 in Translocations
 40920 | Vaults:1 | Received a gift from Okawaru
 42382 | Vaults:2 | Found Zacluqil's Antique Armour Boutique.
 42461 | Vaults:2 | Received a gift from Okawaru
 42517 | Vaults:2 | Found Hekeoboc's General Store.
 42525 | Vaults:2 | Bought a scroll of enchant weapon for 120 gold pieces
 42594 | Vaults:2 | Found Nyjeij's General Store.
 42648 | Vaults:2 | Bought a scroll of teleportation for 42 gold pieces
 42663 | Vaults:2 | Identified the ring of Nykheh {Contam rC+ Str+6 Stlth+}
 42992 | Vaults:2 | Reached XP level 21. HP: 232/232 MP: 17/17
 43405 | Vaults:2 | Bought a scroll of enchant armour for 112 gold pieces
 43405 | Vaults:2 | Bought a scroll of blinking for 112 gold pieces
 43405 | Vaults:2 | Bought a scroll of blinking for 112 gold pieces
 43405 | Vaults:2 | Bought a scroll of blinking for 112 gold pieces
 43459 | Vaults:2 | Found Feuh's Armour Shop.
 44756 | Vaults:3 | Received a gift from Okawaru
 45396 | Vaults:3 | Found a staircase to the Crypt.
 45396 | Vaults:3 | Found an ancient bone altar of Kikubaaqudgha.
 45396 | Vaults:3 | Found a basalt altar of Yredelemnul.
 46021 | Vaults:3 | Reached skill level 25 in Maces & Flails
 46432 | Vaults:4 | Received a gift from Okawaru
 46471 | Vaults:4 | Found Jiotit's Weapon Boutique.
 46491 | Vaults:4 | Noticed Frederick
 46511 | Vaults:4 | Killed Frederick
 46514 | Vaults:4 | Reached XP level 22. HP: 184/243 MP: 18/18
 47543 | Vaults:4 | Received a gift from Okawaru
 47570 | Vaults:4 | Found Duhak's Magic Scroll Shoppe.
 47578 | Vaults:4 | Bought a scroll of enchant armour for 142 gold pieces
 47578 | Vaults:4 | Bought a scroll of teleportation for 57 gold pieces
 47578 | Vaults:4 | Bought a scroll of teleportation for 57 gold pieces
 47630 | Vaults:4 | Found Faocuc's Assorted Antiques.
 47649 | Vaults:4 | Bought an embroidered hat for 175 gold pieces
 47936 | Vaults:4 | Found Hahiacz Bogy's Antique Weapon Shop.
 48027 | Vaults:5 | Entered Level 5 of the Vaults
 48514 | Vaults:5 | Received a gift from Okawaru
 49272 | Vaults:5 | Identified the +11 hand axe "Xinewiuss" {drain, rF+ Will+
                  | rCorr MP+9}
 49330 | Vaults:5 | Identified the +1 leather armour of Vive {rF+ SInv}
 49627 | Vaults:5 | Identified the ring "Ybretafu" {Fly rPois rF+ Str+2}
 50059 | Vaults:5 | Noticed Bai Suzhen
 50071 | Vaults:5 | Killed Bai Suzhen
 50072 | Vaults:5 | Reached XP level 23. HP: 226/254 MP: 19/19
 50078 | Vaults:5 | Received a gift from Okawaru
 50338 | Vaults:5 | Found Xigeog's Assorted Antiques.
 50346 | Vaults:5 | Bought a scroll of acquirement for 1768 gold pieces
 50346 | Vaults:5 | Bought a pair of embroidered gloves for 255 gold pieces
 50346 | Vaults:5 | Acquired a manual of Translocations
 50969 | Vaults:5 | Got a silver rune of Zot
 50973 | Vaults:5 | Identified the ring "Quiwkaxt" {rPois Str-3 Int+3 Dex+3}
 51361 | Vaults:5 | Got the Almanac of Arcane Weapons
 51606 | Crypt:1  | Entered Level 1 of the Crypt
 51624 | Crypt:1  | You are sucked into a shaft and drop 1 floor!
 51701 | Crypt:2  | Noticed Boris
 51707 | Crypt:2  | Killed Boris
 51753 | Crypt:2  | Identified the ring "Hapt" {rElec rPois rF+ EV+4 Str+2}
 52142 | Crypt:2  | Reached skill level 26 in Maces & Flails
 52346 | Crypt:3  | Entered Level 3 of the Crypt
 52524 | Crypt:3  | Found an ancient bone altar of Kikubaaqudgha.
 52691 | Crypt:3  | Received a gift from Okawaru
 52804 | Crypt:3  | Identified the ring "Boqoi" {rC++ rN+ MP+9 SInv}
 52804 | Crypt:3  | Identified the ring "Cicappot" {rN+ Dex+4}
 52820 | Crypt:3  | Identified the ring "Siych" {rN+ MP+9 Slay+5}
 53427 | Crypt:3  | Acquired 545 gold pieces
 53490 | Crypt:3  | Received a gift from Okawaru
 53627 | Crypt:3  | Found a staircase to the Tomb.
 53627 | Crypt:3  | Noticed an ancient lich
 53630 | Crypt:3  | Killed an ancient lich
 53631 | Crypt:3  | Reached skill level 10 in Translocations
 53749 | Crypt:3  | Got the Handbook of Dark Rites
 53995 | Tomb:1   | Entered Level 1 of the Tomb of the Ancients
 54014 | Tomb:1   | Reached XP level 24. HP: 260/266 MP: 19/19
 54558 | Tomb:1   | Noticed a royal mummy
 54579 | Tomb:1   | Killed a royal mummy
 54579 | Tomb:1   | Killed by a royal mummy's death curse

Illustrated notes

Levels and vault maps discovered:
D:1:      dpeg_arrival_erosion, layout_rooms,
          dreamdust_ecumenical_altar_angels_and_demons
D:2:      layout_loops_ring, dk_vineyard_3, minmay_pentomino_o2
D:3:      layout_rooms, mainiacjoe_overflow_alcove_1,
          grunt_temple_overflow_open, uniq_ijyb, uniq_terence, uniq_jessica
D:4:      layout_loops_ring, tgw_trog, nicolae_uskayaw_dance_hall, serial_shops,
          nicolae_shop_behind_doors, minmay_manual_mares, uniq_edmund,
          uniq_menkaure
D:5:      old_forge, layout_rooms, minmay_misc_feat_cross,
          amcnicky_mini_pool_small
D:6:      layout_rooms, minmay_temple_entry_fiery, uniq_blork_the_orc
D:7:      layout_rooms, nicolae_qazlal_eye_of_the_storm,
          gammafunk_ghost_necromancy
D:8:      layout_basic
D:9:      minmay_the_grid_triangle_9x9_rhombus_full
          [minmay_the_grid_triangle_9x9_stretched_checkered,
          minmay_the_grid_triangle_9x9_checkered,
          minmay_the_grid_triangle_9x9_thin_v,
          minmay_the_grid_triangle_9x9_descending_squares,
          minmay_the_grid_triangle_9x9_semitri,
          minmay_the_grid_triangle_9x9_limited_checkers,
          minmay_the_grid_triangle_9x9_steps,
          minmay_the_grid_triangle_9x9_prize_top_heavy], layout_long_grid,
          lair_entry_dummy
D:10:     layout_gridville
D:11:     layout_cave_pools, serial_rivers, chequers_serial_rivers_room_b,
          chequers_serial_rivers_room_a, chequers_serial_rivers_small_3,
          chequers_serial_rivers_large_b, chequers_serial_rivers_large_a,
          chequers_serial_rivers_micro_e, nicolae_elyvilon_peaceful_grove
D:12:     layout_basic, orc_david_3, uniq_fannar
D:13:     layout_roguey [special_room_bee]
D:14:     layout_rooms, david_vaults_5, kennysheep_flooded_box, uniq_agnes,
          uniq_snorg
D:15:     grunt_enter_depths_giant_problem, layout_basic,
          chequers_serial_rivers_micro_a
Temple:   eino_narrow_crystal_temple
Lair:1:   layout_cave_pods, worms_lemuel
Lair:2:   layout_cave_pods, nicolae_spider_entry_non_spiders,
          grunt_forest_large_clearing_hut
Lair:3:   layout_concentric_octagons, minmay_shoals_entry_centaurs,
          uniq_gastronok
Lair:4:   layout_misc_corridors, serial_bayou_shore_b, lemuel_fruit_tree,
          serial_bayou_shore_a, grunt_megastairs_4
Lair:5:   layout_cave_pods, serial_forest, infiniplex_forest_lined_3,
          infiniplex_forest_clump_large, infiniplex_forest_end_double,
          infiniplex_forest_clump_long, infiniplex_forest_zigzag_1,
          infiniplex_forest_fountain, infiniplex_forest_fountain,
          infiniplex_forest_split
Lair:6:   wormcave, layout_regular_city, hangedman_lair_in_review,
          nicolae_slime_entry_slimehenge, lemuel_old_faithful,
          grunt_megastairs_5
Shoals:1: layout_shoals, serial_shops, shop
Shoals:2: layout_shoals, gammafunk_ghost_arena
Shoals:3: layout_shoals, nzn_prometheus_bound
Shoals:4: shoals_end_grunt_ice, layout_shoals,
          nicolae_shoals_arrival_archipelago
Spider:1: layout_spider_delve, uniq_azrael, uniq_asterion
Spider:2: layout_spider_delve, gammafunk_ghost_abyssal_escape, uniq_kirke
Spider:3: layout_spider_delve, gammafunk_ghost_arena,
          hangedman_spider_tarantella_strand, uniq_donald, uniq_arachne
Spider:4: grunt_spider_rune_circles
Slime:1:  layout_caves
Orc:1:    layout_caves, basic_altar, nicolae_orc_lava_room
Orc:2:    st_orc_town, layout_diamond_mine
Elf:1:    minmay_elf_arrival_circle, layout_geoelf_octagon, serial_shops,
          shop_fountains, minmay_elf_demonology
Elf:2:    nicolae_elf_blades_crystal_corner, layout_gridlike, serial_shops,
          freezing_bzr
Elf:3:    nooodl_elf_gasket, layout_gridlike, serial_shops, shop, basic_altar
Vaults:1: hangedman_vaults_river_flow, hangedman_vaults_variations,
          v_alt_pattern_3, vaults_standard_mumra_enter_the_diamond,
          vaults_room_grunt_arrival_ludios, ontoclasm_vaults_spin,
          hangedman_vaults_snaps, v_misc_8, serial_ice_h,
          ontoclasm_vaults_gallery, vaults_room_semicircle,
          layout_vaults_big_room
Vaults:2: v_pattern_3, v_misc_14, ontoclasm_vaults_idyll, hangedman_vaults_trim,
          hangedman_vaults_nails, vaults_dpeg_hooks, v_misc_9, v_rooms_4,
          dpeg_vaults_monster_box, layout_vaults_omnigrid, serial_shops,
          nicolae_lakefront_shop, shop, shop, shop, shop
Vaults:3: v_misc_2, v_rooms_6, v_alt_pattern_4, vaults_standard_mumra_x,
          ontoclasm_vaults_misaligned, ontoclasm_vaults_claustrophobia,
          v_misc_11, nicolae_vaults_little_squares_3,
          minmay_crypt_entry_necro_gods, v_misc_27, vaults_mumra_hexcomb,
          vaults_dpeg_encased_lava, nicolae_vaults_asterisk,
          nicolae_vaults_display_case, layout_vaults_maze_bifur, serial_glass
Vaults:4: nicolae_vaults_little_squares_2, vaults_mumra_chevron, v_misc_16,
          v_rooms_4, nicolae_vaults_puzzle_piece, ontoclasm_vaults_chip,
          st_diamondy, vaults_room_stairs_pillars, ontoclasm_vaults_hangar,
          v_misc_29, ontoclasm_vaults_fault, vaults_room_pools,
          ontoclasm_vaults_loading_screen, layout_vaults_omnicross,
          serial_shops, nicolae_lakefront_shop, nicolae_diamond_shop,
          shop_fountains, nicolae_shop_stone, uniq_frederick
Vaults:5: uniq_bai_suzhen
Crypt:1:  layout_chaotic_city, grunt_crypt_arrival_split, uniq_mennas,
          uniq_saint_roka
Crypt:2:  layout_chaotic_city, uniq_boris
Crypt:3:  grunt_crypt_end_deaths_head
Tomb:1
Depths:1: cheibrodos_leafed_vault, layout_cave_pools, lightli_too_deep,
          nicolae_abyss_entry_one_way_or_another, serial_glass, glass_columns_a,
          glass_columns_b, chequers_serial_rivers_room_a, minmay_fire_ice_demons

Skill      XL: |  1  2  3  4  5  6  7  8  9 10 11 12 13 14 15 16 17 18 19 20 21 22 23 |
---------------+----------------------------------------------------------------------+-----
Fighting       | 5 7 8 9 10 11 12 13 14 16 17 18 20 21 22 23 24 25 | 25.1
Maces & Flails | 5 7 8 9 10 11 12 13 14 15 18 20 21 22 23 24 25 26 | 26.4
Armour         | 6 7 8 9 10 11 12 13 14 16 17 18 20 21 22 23 24 25 | 25.1
Shields        | 4 6 7 8 9 10 11 12 14 15 16 17 18 | 18.9
Translocations | 3 5 7 8 10 | 10.0

Action                   |  1- 3 |  4- 6 |  7- 9 | 10-12 | 13-15 | 16-18 | 19-21 | 22-24 || total
-------------------------+-------+-------+-------+-------+-------+-------+-------+-------++-------
Melee: Flail             |    35 |    84 |       |       |       |       |       |       ||   119
       Headbutt          |     8 |    24 |    67 |   129 |   344 |   484 |   470 |   340 ||  1866
       Morningstar       |       |     6 |   313 |   572 |  1358 |  1689 |  1133 |       ||  5071
       Peck              |       |       |    26 |   125 |   345 |   419 |   427 |   313 ||  1655
       Demon whip        |       |       |       |       |       |       |   261 |       ||   261
       Eveningstar       |       |       |       |       |       |       |    22 |  1065 ||  1087
 Cast: Blink             |       |       |       |       |       |       |       |     2 ||     2
  Use: Potion            |     4 |     1 |     5 |     8 |     4 |    18 |     3 |     1 ||    44
       Scroll            |       |       |       |    11 |    12 |     9 |    12 |     2 ||    46
 Stab: Invisible         |       |       |       |       |       |     3 |       |       ||     3
Armor: Scale mail        |     9 |    37 |   102 |       |       |       |       |       ||   148
       Plate armour      |       |       |    99 |   412 |   483 |       |       |       ||   994
       Crystal plate arm |       |       |       |       |   195 |  1508 |   640 |   505 ||  2848
Dodge: Dodged            |    12 |    31 |   100 |   118 |   274 |   475 |   182 |   114 ||  1306
Block: Kite shield       |    16 |    44 |   204 |   418 |   874 |  1517 |   636 |       ||  3709
       Reflection        |       |       |       |       |       |    18 |   113 |    17 ||   148
       Tower shield      |       |       |       |       |       |       |   643 |  1354 ||  1997
